Description

Pvz Oracle Opener

VOD

https://www.youtube.com/watch?v=UUzsfbhaqXo

Replay - 2019-10-03 - (P)Harstem VS (Z)A.I. 1 (Very Easy)

Build Order

Get SALT Encoding   

  14  0:22  Pylon  
  16  0:44  Gateway  Scout with probe that places this gateway.
  16  0:49  Assimilator  
  20  1:25  Nexus  
  20  1:33  Cybernetics Core  
  21  1:43  Assimilator  
  21  1:50  Pylon  
  22  2:00  Adept (Chrono Boost)  Scout with adept for third and fast lair.
  26  2:21  Stalker (Chrono Boost)  
  26  2:22  Stargate  
  30  2:40  Warp Gate  
  34  3:00  Oracle (Chrono Boost)  Make sure adept is home before speed (3:30).
  41  3:22  Pylon  
  41  3:24  Gateway  
  42  3:31  Oracle (Chrono Boost)  Rally 2nd oracle to third then to 1st oracle.
  45  3:47  Assimilator x2  
  48  3:50  Pylon  
  50  3:56  Robotics Facility  Queue robo probe to third.
  51  4:07  Nexus  
  52  4:12  Pylon  Pylon close to third for adept protection.
  54  4:26  Twilight Council, Forge  
  56  4:33  Sentry  
  60  4:42  Observer  
  61  4:50  Protoss Ground Weapons Level 1  
  63  4:52  Gateway x2  
  63  4:56  Sentry  
  66  5:04  Immortal  Make immortals according to opponents scouted roach count.
  67  5:10  Charge  
  76  5:31  Templar Archives  
  76  5:34  Assimilator x2  
  81  5:44  Warp Prism  
  84  5:52  Gateway x2  
  86  6:00  Psionic Storm  
  86  6:02  Gateway x2  
  87  6:12  High Templar x2  
  87  6:14  Zealot  
  93  6:20  High Templar  
  95  6:26  Gateway x2  
  95  6:29  Photon Cannon  
  95  6:35  High Templar  
  97  6:45  Zealot x2  
  101  6:47  High Templar x2  
  101  6:48  Nexus  
  107  6:55  Archon  
  107  6:57  Zealot x2  
  111  7:04  Zealot x3  
  120  7:19  High Templar x2  
  120  7:22  Zealot x2  
  133  7:28  Archon  
Spawning Tool Build Advisor. Get it on Overwolf

Analysis

  • Standard 1 gate expand, pylon -> gate -> assim

  • Scout with gate probe

  • Adept -> Stargate -> Stalker -> Warp gate

  • Chrono adept and stalker.

  • Start and chrono first oracle, then pylon, and make 2nd gateway in wall.

  • Start and chrono 2nd nat

  • 3:50 take natural gases.

  • Robo before 4 min

  • Rally 2nd natural towards third to take care of shit.

Go to:

Details

  • Created by: Sehyo
  • Published on: Oct 19, 2019
  • Modified on: Oct 19, 2019
  • Patch: 4.7.1
Show
View Real Time Build Order
Export as new Build Order

Comments (0)

There are no comments. Be the first!

Create an account to comment!